 Dungeon Crawl Stone Soup version 0.30-a0-371-gad7725a93e (webtiles) character file.

Game seed: 1287989742482006557

140 bande the Trooper (level 5, -3/33 HPs)
             Began as a Gargoyle Fighter on Nov 21, 2022.
             Slain by a gnoll
             ... wielding a +0 club
              (4 damage)
             ... on level 3 of the Dungeon.
             The game lasted 00:03:17 (1824 turns).

bande the Trooper (Gargoyle Fighter)                Turns: 1824, Time: 00:03:17

Health: -3/33      AC: 11    Str: 19    XL:     5   Next: 22%
Magic:  5/5        EV:  9    Int:  9    God:
Gold:   201        SH:  4    Dex: 11    Spells: 4/4 levels left

rFire   . . .      SeeInvis .    a - +1 war axe (chaos)
rCold   . . .      Faith    .    c - +0 buckler
rNeg    + . .      Spirit   .    b - +0 scale mail
rPois   ∞          Reflect  .    (no helmet)
rElec   +          Harm     .    (no cloak)
rCorr   .          Rampage  .    (no gloves)
Will    .....                    (no boots)
Stlth   ..........               (no amulet)
HPRegen 0.25/turn                (no ring)
MPRegen 0.09/turn                (no ring)

@: no status effects
A: sickness immunity, AC +4, negative energy resistance 1, electricity
resistance, torment resistance 1, petrification resistance
a: no special abilities


You were on level 3 of the Dungeon.
You visited 1 branch of the dungeon, and saw 3 of its levels.

You collected 201 gold pieces.

Inventory:

Hand Weapons
 a - a +1 war axe of chaos (weapon)
Armour
 b - a +0 scale mail (worn)
 c - a +0 buckler (worn)
Wands
 m - a wand of flame (9)
Scrolls
 e - 2 scrolls of identify
Potions
 d - 2 potions of might
 f - a potion of degeneration {unknown}
 g - 2 potions of mutation
 i - a potion of attraction {unknown}
 k - a potion of curing {unknown}
 n - a potion of heal wounds {unknown}


   Skills:
 + Level 4.1 Fighting
 + Level 3.6 Axes
 + Level 3.9 Armour
 + Level 3.6 Shields
 * Level 0.1 Evocations


You had 4 spell levels left.
You didn't know any spells.
Your spell library contained the following spells:

 Spells                   Type           Power      Damage    Failure   Level
 Gell's Gravitas          Tloc           0%         N/A       99%         3
 Lesser Beckoning         Tloc           0%         N/A       99%         3
 Teleport Other           Tloc           0%         N/A       99%         3
 Summon Ice Beast         Ice/Summ       0%         N/A       100%        4
 Summon Mana Viper        Hex/Summ       0%         N/A       100%        5
 Monstrous Menagerie      Summ           0%         N/A       100%        7


Dungeon Overview and Level Annotations

Branches:
Dungeon (3/15)

Altars:
Ashenzari


Innate Abilities, Weirdness & Mutations

You are immune to sickness and miasma.
Your stone body is resilient. (AC +4)
You are immune to poison.
You resist negative energy. (rN+)
You are resistant to electric shocks. (rElec)
You are resistant to unholy torment.
You are immune to petrification.


Message History

It is a scroll of brand weapon.
Your +1 war axe erupts in a glittering mayhem of colour.
a - a +1 war axe of chaos (weapon)
Your surroundings suddenly seem different.
A gnoll comes into view. It is wielding a +0 halberd.
The gnoll shouts!
A hobgoblin comes into view.
A gnoll comes into view. It is wielding a +0 club.
The gnoll shouts!
You hear a shout!
A gnoll comes into view. It is wielding a +1 whip of venom.
The gnoll hits you with a +0 halberd!
You hit the gnoll. You burn the gnoll.
The gnoll is heavily wounded.
The gnoll hits you with a +0 halberd!
You are too injured to fight recklessly!
You are too injured to fight recklessly!
You are too injured to fight recklessly!
You are too injured to fight recklessly!
You are too injured to fight recklessly!
You are too injured to fight recklessly!
You are too injured to fight recklessly!
You are too injured to fight recklessly!
You are too injured to fight recklessly!
Unknown command.
You slash the gnoll! You freeze the gnoll.
The gnoll is almost dead.
The gnoll hits you from afar with a +0 halberd.
The gnoll hits you with a +0 club.
You barely miss the gnoll.
The gnoll is almost dead.
The gnoll hits you from afar with a +0 halberd.
* * * LOW HITPOINT WARNING * * *
You block the gnoll's attack.
Unknown command.
You closely miss the gnoll.
The gnoll is almost dead.
The gnoll hits you from afar with a +0 halberd!
* * * LOW HITPOINT WARNING * * *
The gnoll hits you with a +0 club.
You die...

# ## #### g. +... g#
#### g# # ##g## ##
#@..# #. #...# #.
#...# #. ####.#####
#.# #.
#........###.#######.
#.##.###.##..........
#.##.# #.#.....#####.
#.##.# #.# ...##.###.
#.##.###.###.##...##.


You could see 3 gnolls and a hobgoblin.

Vanquished Creatures
  Natasha (thrice) (D:2)
  An adder (D:3)
  2 worms (D:2)
  2 endoplasms (D:1)
  3 giant cockroaches
  3 goblins (D:2)
  4 hobgoblins
  8 jackals
  9 kobolds
  A quokka (D:2)
  4 ball pythons
  4 bats
  2 frilled lizards (D:2)
  2 rats
48 creatures vanquished.

Notes
Turn   | Place    | Note
-------+----------+-------------------------------------------
     0 | D:1      | bande the Gargoyle Fighter began the quest for the Orb.
     0 | D:1      | Reached XP level 1. HP: 14/14 MP: 1/1
   151 | D:1      | Reached XP level 2. HP: 19/19 MP: 2/2
   549 | D:2      | Reached XP level 3. HP: 24/24 MP: 3/3
   594 | D:2      | Noticed Natasha
   604 | D:2      | Killed Natasha
   832 | D:2      | Reached XP level 4. HP: 29/29 MP: 4/4
   985 | D:2      | Noticed Natasha
   995 | D:2      | Killed Natasha
   996 | D:2      | Reached skill level 4 in Fighting
  1160 | D:2      | Noticed Natasha
  1169 | D:2      | Killed Natasha
  1459 | D:2      | Reached XP level 5. HP: 33/33 MP: 5/5
  1687 | D:3      | Found a broken altar of Ashenzari.
  1824 | D:3      | HP: 1/33 [gnoll/+0 halberd (8)]
  1824 | D:3      | Slain by a gnoll

Illustrated notes

Levels and vault maps discovered:
D:1:      tarquinn_simple_flora_water_f, layout_basic, kennysheep_another_room,
          minmay_box_of_dots
D:2:      layout_basic, uniq_natasha
D:3:      layout_loops_corners, amcnicky_altar_gilded, minmay_misc_feat_encased

Skill      XL: |  1  2  3  4 |
---------------+-------------+-----
Axes           | 2 3 |  3.6
Fighting       | 4 |  4.1
Armour         | |  3.9
Shields        | |  3.6
Evocations     | |  0.1

Action                   |  1- 3 |  4- 6 || total
-------------------------+-------+-------++-------
Melee: War axe           |    57 |    65 ||   122
  Use: Scroll            |       |     6 ||     6
Armor: Scale mail        |    31 |    24 ||    55
Dodge: Dodged            |    29 |    26 ||    55
Block: Buckler           |    11 |    18 ||    29

Table legend: (Time is in decaauts)
 A = Elapsed time spent in this place.
 B = Non-inter-level travel time spent in this place.
 C = Inter-level travel time spent in this place.
 D = Time resting spent in this place.
 E = Time spent auto-exploring this place.
 F = Levels seen in this place.
 G = Mean time per level.
                   A        B        C        D        E       F      G
               +--------+--------+--------+--------+--------+-----+--------+
         Total |   1897 |   1874 |     23 |    491 |   1056 |   3 |  632.3 |
       Dungeon |   1897 |   1874 |     23 |    491 |   1056 |   3 |  632.3 |
               +--------+--------+--------+--------+--------+-----+--------+

Top non-repeatable levels by time:
     D:2: 1186 daAuts
     D:1: 556 daAuts
     D:3: 154 daAuts
